 Dungeon Crawl Stone Soup version 0.29-a0-380-gf50f0a9fbc (webtiles) character file.

Game seed: 9697482788440892317

48 ytrimaz the Skirmisher (level 3, -5/29 HPs)
             Began as a Demonspawn Berserker on May 5, 2022.
             Was a Believer of Trog.
             Slain by a worm (8 damage)
             ... on level 2 of the Dungeon.
             The game lasted 00:01:01 (1224 turns).

ytrimaz the Skirmisher (Demonspawn Berserker)       Turns: 1224, Time: 00:01:02

Health: -5/29      AC:  4    Str: 19    XL:     3   Next: 50%
Magic:  3/3        EV: 16    Int:  8    God:    Trog [**....]
Gold:   54         SH:  0    Dex: 12    Spells: 2/2 levels left

rFire   . . .      SeeInvis .   a - +0 hand axe (flame)
rCold   . . .      Faith    .   (no shield)
rNeg    + . .      Spirit   .   b - +0 animal skin
rPois   .          Reflect  .   (no helmet)
rElec   .          Harm     .   e - +1 cloak
rCorr   .          Rampage  .   (no gloves)
Will    .....                   (no boots)
Stlth   +.........              c - amulet of magic regeneration
HPRegen 0.09/turn               h - ring of positive energy
MPRegen 0.48/turn               m - +4 ring of evasion

@: no status effects
A: foul stench 1
a: Renounce Religion, Berserk, Trog's Hand


You were on level 2 of the Dungeon.
You worshipped Trog.
Trog was pleased with you.
You visited 1 branch of the dungeon, and saw 2 of its levels.

You collected 54 gold pieces.

Inventory:

Hand Weapons
 a - a +0 hand axe of flaming (weapon)
Armour
 b - a +0 animal skin (worn)
 e - a +1 cloak (worn)
Jewellery
 c - an amulet of magic regeneration (around neck)
 h - a ring of positive energy (left hand)
 m - a +4 ring of evasion (right hand)
Scrolls
 d - 2 scrolls of teleportation {unknown}
 g - a scroll of immolation {unknown}
 i - 2 scrolls of identify {unknown}
 k - 2 scrolls of magic mapping {unknown}
 l - a scroll of noise {unknown}
Potions
 f - a potion of invisibility {unknown}
 j - a potion of flight {unknown}
 n - a potion of cancellation {unknown}


   Skills:
 + Level 3.4 Fighting
 + Level 3.3 Axes
 * Level 2.1 Armour
 * Level 2.3 Dodging


You had 2 spell levels left.
You didn't know any spells.
Your spell library was empty.

Dungeon Overview and Level Annotations

Branches:
Dungeon (2/15)

Altars:


Innate Abilities, Weirdness & Mutations

You may rarely emit foul miasma when damaged in melee.


Message History

Trog accepts your kill.
You hit the ball python. You burn the ball python.
You kill the ball python!
Trog accepts your kill.
You miss the adder. You hit the bat. You burn the bat.
You feel sick. The bat misses you. The adder completely misses you.
The adder bites you.
You barely miss the adder. You hit the worm but do no damage.
You feel sick.
You are no longer poisoned.
The bat hits you but does no damage. The adder misses you.
You hit the adder. You burn the adder.
The adder is moderately wounded.
You hit the bat. You burn the bat.
You kill the bat!
Trog accepts your kill.
You barely miss the worm. The adder bites you but does no damage.
The worm closely misses you. The adder misses you.
You barely miss the adder.
The adder is moderately wounded.
You hit the worm. You burn the worm. The adder bites you. The worm bites you.
You closely miss the adder.
The adder is moderately wounded.
You barely miss the worm. The adder barely misses you.
You miss the adder.
The adder is moderately wounded.
You barely miss the worm. The adder bites you. The worm closely misses you.
The adder bites you.
Unknown command.
You hit the adder. You burn the adder.
You kill the adder!
Trog accepts your kill.
You hit the worm. You burn the worm. The worm bites you.
* * * LOW HITPOINT WARNING * * *
You see here an adder corpse.
You barely miss the worm.
The worm is moderately wounded.
The worm completely misses you.
You hit the worm. You burn the worm.
The worm is heavily wounded.
The worm bites you!
You die...

.....##........#
.######...(....#
## ########.#
#.# #.## #..#
##.##
####..###### #
#....@.....# ..
#.##w†.###.# )..
# #..## ... ..##
... #... ##..
##. #.


You could see a worm.

Vanquished Creatures
  An adder (D:2)
  A worm (D:2)
  3 dart slugs
  3 ball pythons
  2 endoplasms (D:1)
  A giant cockroach (D:1)
  3 goblins (D:1)
  3 hobgoblins
  3 bats
  4 frilled lizards (D:1)
  2 kobolds (D:1)
  4 rats
30 creatures vanquished.

Notes
Turn   | Place    | Note
-------+----------+-------------------------------------------
     0 | D:1      | ytrimaz the Demonspawn Berserker began the quest for the
                  | Orb.
     0 | D:1      | Reached XP level 1. HP: 18/18 MP: 1/1
   251 | D:1      | Gained mutation: You may rarely emit foul miasma when
                  | damaged in melee. [demonic ancestry]
   251 | D:1      | Reached XP level 2. HP: 24/24 MP: 2/2
   292 | D:1      | Found a faded altar of an unknown god.
   643 | D:1      | Reached ** piety under Trog
   704 | D:2      | Reached XP level 3. HP: 26/29 MP: 3/3
  1224 | D:2      | Slain by a worm

Illustrated notes

Levels and vault maps discovered:
D:1:      elethiomel_arrival_quiet, layout_rooms,
          ebering_ecumenical_altar_sacrificial
D:2:      layout_rooms, solitary_fountain, minmay_cupped

Skill      XL: |  1  2 |
---------------+-------+-----
Axes           | 3 |  3.3
Dodging        | 2 |  2.3
Armour         | 2 |  2.1
Fighting       | |  3.4

Action                   || total
-------------------------++-------
Melee: Hand axe          ||    71
  Use: Scroll            ||     1
 Stab: Sleeping          ||     2
Armor: Animal skin       ||    18
Dodge: Dodged            ||    55

Table legend: (Time is in decaauts)
 A = Elapsed time spent in this place.
 B = Non-inter-level travel time spent in this place.
 C = Inter-level travel time spent in this place.
 D = Time resting spent in this place.
 E = Time spent auto-exploring this place.
 F = Levels seen in this place.
 G = Mean time per level.
                   A        B        C        D        E       F      G
               +--------+--------+--------+--------+--------+-----+--------+
         Total |   1233 |   1225 |      8 |    247 |    760 |   2 |  616.5 |
       Dungeon |   1233 |   1225 |      8 |    247 |    760 |   2 |  616.5 |
               +--------+--------+--------+--------+--------+-----+--------+

Top non-repeatable levels by time:
     D:1: 706 daAuts
     D:2: 527 daAuts
